 Dungeon Crawl Stone Soup version 0.28.0-53-g5a82cb258f (webtiles) character file.

Game seed: 3162172146111382460

31 Sin92 the Skirmisher (level 3, -13/29 HPs)
             Began as a Demonspawn Fighter on Aug 11, 2022.
             Mangled by a kobold
             ... wielding a +2 dagger of distortion
              (26 damage)
             ... on level 1 of the Dungeon.
             The game lasted 00:01:14 (867 turns).

Sin92 the Skirmisher (Demonspawn Fighter)            Turns: 867, Time: 00:01:14

Health: -13/29     AC:  6    Str: 18    XL:     3   Next: 7%
Magic:  3/3        EV: 11    Int:  9    God:
Gold:   48         SH:  4    Dex: 12    Spells: 2/2 levels left

rFire   . . .      SeeInvis .   a - +0 war axe
rCold   . . .      Faith    .   c - +0 buckler
rNeg    . . .      Spirit   .   b - +0 scale mail
rPois   .          Reflect  .   (no helmet)
rElec   .          Harm     .   (no cloak)
rCorr   .          Rampage  .   (no gloves)
Will    .....                   (no boots)
Stlth   ..........              (no amulet)
HPRegen 0.09/turn               (no ring)
MPRegen 0.08/turn               (no ring)

@: very slow
A: repulsion field 1
a: no special abilities


You were on level 1 of the Dungeon.
You visited 1 branch of the dungeon, and saw 1 of its levels.

You collected 48 gold pieces.

Inventory:

Hand Weapons
 a - a +0 war axe (weapon)
Armour
 b - a +0 scale mail (worn)
 c - a +0 buckler (worn)
Jewellery
 f - an amulet of the acrobat
Scrolls
 g - a scroll of identify {unknown}
 j - a scroll of noise {unknown}
Potions
 d - a potion of might
 e - a potion of attraction {unknown}
 h - a potion of curing {unknown}
 i - 2 potions of flight {unknown}


   Skills:
 + Level 3.3 Fighting
 + Level 2.2 Axes
 + Level 3.0 Armour
 + Level 3.0 Shields


You had 2 spell levels left.
You didn't know any spells.
Your spell library was empty.

Dungeon Overview and Level Annotations

Branches:
Dungeon (1/15)

Altars:


Innate Abilities, Weirdness & Mutations

You are surrounded by a mild repulsion field. (EV +2)


Message History

The bat closely misses you. x2
A bat is nearby!
You block the bat's attack.
Unknown command.
You block the bat's attack. x2; The bat hits you but does no damage.
Unknown command.
A bat is nearby!
The bat barely misses you. The bat misses you. The bat closely misses you.
Unknown command.
A bat is nearby!
You barely miss the bat. The bat hits you. The bat barely misses you.
Unknown command.
A bat is nearby!
You slash the bat!
You kill the bat!
No target in view!
Unknown command.
No target in view!
Unknown command.
Things that are here:
a +3 dagger; 4 stones; a kobold corpse No target in view!
Unknown command.
You enter the shallow water.
Moving in this stuff is going to be slow.
A kobold comes into view.
It is wielding a +2 dagger of distortion.
The kobold shouts!
A kobold is nearby!
Unknown command.
A kobold is nearby!
Unknown command.
The kobold hits you but does no damage. Space warps horribly around you!
A kobold is nearby!
Unknown command.
Your unstable footing causes you to fumble your attack.
The kobold barely misses you.
The kobold hits you with a +2 dagger of distortion.
Space warps horribly around you!!
Ouch! That really hurt!
You die...

P≈≈P≈≈ PP≈≈≈≈ ##
≈≈≈≈♣≈♣ .####♣♣
≈≈≈≈≈≈≈≈
.##.P≈♣≈≈≈≈≈≈≈P≈♣♣
....♣≈≈P≈≈≈≈≈≈≈≈≈♣
##.#≈♣ ≈≈≈≈≈≈≈K≈♣♣#
#.#≈♣ ≈≈≈≈≈≈≈≈@♣≈#
##..♣P♣ ≈≈≈≈≈≈≈≈≈♣≈#
....♣♣≈≈≈≈≈≈≈≈≈≈≈≈♣#
#.#.♣♣≈≈≈≈≈≈≈≈≈≈≈P≈#
#.##≈P≈P≈≈≈≈≈≈≈≈P♣≈#
#.##♣♣P≈≈≈≈≈≈≈≈≈≈♣♣#
..##.♣≈≈P≈≈≈≈≈♣≈≈≈≈#
####.≈≈≈P≈≈≈P≈≈≈≈♣.#
# #≈≈≈≈≈≈≈≈♣≈≈♣♣.#


You could see a kobold.

Vanquished Creatures
  An endoplasm (D:1)
  2 giant cockroaches (D:1)
  A goblin (D:1)
  2 hobgoblins (D:1)
  9 jackals (D:1)
  A kobold (D:1)
  A quokka (D:1)
  A ball python (D:1)
  3 bats (D:1)
  3 frilled lizards (D:1)
  2 rats (D:1)
26 creatures vanquished.

Vanquished Creatures (others)
  16 plants (D:1)
16 creatures vanquished.

Grand Total: 42 creatures vanquished

Notes
Turn   | Place    | Note
-------+----------+-------------------------------------------
     0 | D:1      | Sin92 the Demonspawn Fighter began the quest for the Orb.
     0 | D:1      | Reached XP level 1. HP: 18/18 MP: 1/1
   314 | D:1      | Gained mutation: You are surrounded by a mild repulsion
                  | field. (EV +2) [demonic ancestry]
   314 | D:1      | Reached XP level 2. HP: 24/24 MP: 2/2
   720 | D:1      | Reached XP level 3. HP: 28/29 MP: 3/3
   867 | D:1      | Mangled by a kobold

Illustrated notes

Levels and vault maps discovered:
D:1:      dpeg_arrival_concentric_ovals, layout_rooms, serial_bayou,
          serial_bayou_lagoon_a, serial_bayou_pond_d, serial_bayou_pond_e,
          serial_bayou_ford_a, serial_bayou_lake_a, serial_bayou_lagoon_b

Skill      XL: |  1  2 |
---------------+-------+-----
Axes           | 2 |  2.2
Armour         | 3 |  3.0
Shields        | 3 |  3.0
Fighting       | |  3.3

Action                   || total
-------------------------++-------
Melee: War axe           ||    88
Armor: Scale mail        ||    54
Dodge: Dodged            ||    78
Block: Buckler           ||    22
